 Dungeon Crawl Stone Soup version 0.30-a0-930-gb9d0489357 (webtiles) character file.

Game seed: 10265231586546538673

256 Twinkles the Chopper (level 6, 0/52 HPs)
             Began as a Hill Orc Reaver on Mar 23, 2023.
             Was a Believer of Sif Muna.
             Slain by a gnoll
             ... wielding a +0 halberd
             ... led by a gnoll bouda
              (6 damage)
             ... on level 4 of the Dungeon.
             The game lasted 00:08:01 (3788 turns).

Twinkles the Chopper (Hill Orc Reaver)              Turns: 3788, Time: 00:08:02

Health: 0/52       AC:  5    Str: 17    XL:     6   Next: 16%
Magic:  17/17      EV: 10    Int: 13    God:    Sif Muna [**....]
Gold:   178        SH:  0    Dex:  9    Spells: 7/8 levels left

rFire   . . .      SeeInvis .    C - +0 flail
rCold   . . .      Faith    .    (no shield)
rNeg    . . .      Spirit   .    m - +0 ring mail
rPois   +          Reflect  .    (no helmet)
rElec   .          Rampage  .    (no cloak)
rCorr   .                        (no gloves)
Will    .....                    (no boots) Stlth
                                 s - amulet of the acrobat
HPRegen 0.28/turn                w - ring of magical power
MPRegen 0.15/turn                x - ring of poison resistance

@: no status effects
A: no striking features
a: Renounce Religion, Channel Magic


You were on level 4 of the Dungeon.
You worshipped Sif Muna.
Sif Muna was pleased with you.
You visited 1 branch of the dungeon, and saw 4 of its levels.

You collected 178 gold pieces.

Inventory:

Hand Weapons
 a - a +0 hand axe
 v - a +0 sling
 C - a +0 flail (weapon)
Missiles
 p - 2 poisoned darts
 y - 3 javelins
Armour
 b - a +0 leather armour
 m - a +0 ring mail (worn)
 o - a +0 chain mail
Jewellery
 s - an amulet of the acrobat (around neck)
 w - a ring of magical power (left hand)
 x - a ring of poison resistance (right hand)
Wands
 j - a wand of polymorph (4)
Scrolls
 c - a scroll of enchant armour {unknown}
 d - a scroll of identify {unknown}
 f - a scroll of enchant weapon {unknown}
 i - a scroll of vulnerability {unknown}
 q - 2 scrolls of magic mapping {unknown}
 r - 2 scrolls of brand weapon {unknown}
 z - 2 scrolls of teleportation {unknown}
 A - a scroll of blinking {unknown}
 B - a scroll of noise {unknown}
 D - a scroll of fog {unknown}
Potions
 e - a potion of mutation {unknown}
 g - 5 potions of curing {unknown}
 h - a potion of magic {unknown}
 k - a potion of heal wounds {unknown}
 l - a potion of attraction {unknown}
 n - a potion of degeneration {unknown}
 t - a potion of berserk rage {unknown}
 u - a potion of haste {unknown}
 E - a potion of cancellation {unknown}


   Skills:
 + Level 4.2 Fighting
 * Level 6.9 Axes
 + Level 2.9 Armour
 - Level 1.5 Dodging
 - Level 1.5 Spellcasting
 - Level 3.0 Conjurations


You had 7 spell levels left.
You knew the following spells:

 Your Spells              Type           Power      Damage    Failure   Level
a - Kiss of Death         Conj/Necr      16%        2d6       26%         1

Your spell library contained the following spells:

 Spells                   Type           Power      Damage    Failure   Level
 Momentum Strike          Conj/Tloc      8%         3d8       36%         2
 Necrotise                Necr           4%         1d4       43%         1
 Hailstorm                Conj/Ice       4%         3d4       61%         3
 Vampiric Draining        Necr           1%         2d6       82%         3
 Agony                    Necr           1%         N/A       100%        5


Dungeon Overview and Level Annotations

Branches:
Dungeon (4/15) Zot: 20181
 Temple: D:4-7

Altars:
Sif Muna

Shops:
D:2 !

Annotations:
D:3 1 runed translucent door, Crazy Yiuf


Message History

Things that are here:
a +0 club; a goblin corpse; a hobgoblin corpse
There is a stone staircase leading down here.
You now have 178 gold pieces (gained 11).
There is an open door here.
The gnoll shouts!
You hear a shout!
The gnoll bouda barks out a call to the hunt!
The gnoll picks up the pace!
The gnoll closely misses you.
There is an open door here.
The gnoll hits you from afar with a +0 halberd!
The gnoll hits you from afar with a +0 halberd!
The gnoll barely misses you.
You closely miss the gnoll.
The gnoll bouda gazes fiercely through you!
You feel your attacks grow feeble. The gnoll hits you with a +0 halberd.
You hit the gnoll.
The gnoll is moderately wounded.
The gnoll closely misses you. The gnoll completely misses you.
You thump the gnoll!
The gnoll is almost dead.
The gnoll is no longer moving quickly.
You completely miss the gnoll bouda.
The gnoll hits you from afar with a +0 halberd.
You barely miss the gnoll bouda.
The gnoll bouda hits you with a +0 club!
The gnoll completely misses you.
You hit the gnoll bouda.
The gnoll bouda is moderately wounded.
The gnoll bouda hits you with a +0 club!
* * * LOW HITPOINT WARNING * * *
The gnoll misses you.
The gnoll bouda hits you with a +0 club!
* * * LOW HITPOINT WARNING * * *
You sock the gnoll bouda!
The gnoll bouda is heavily wounded.
Your attacks no longer feel as feeble.
The gnoll hits you from afar with a +0 halberd.
You die...

.### #)###.....# #######'##g
...# #.........# ....
##.#.......######### ##...
#)#.......+..#### ##...
#.###.....##.##.. .g'...
##..###+#####.##.# ###..##...
.....##.# #.##.# ###...# #...
........# #.##.# ##...###
....##..# #.##@# #..#.......
....##..## #.##g# #.##.......
....##...####...g## #.##.......
#######...#.......###.#########
#.#.........##..#
#.....>.....'..##
#####.......#### #.......#
#.......#


You could see a gnoll bouda and a gnoll.

Vanquished Creatures
  A hound (D:4)
  A sleepcap (D:4)
  2 iguanas
  6 gnolls
  2 adders
  A worm (D:2)
  3 dart slugs (D:1)
  3 orcs (D:3)
  4 endoplasms
  A giant cockroach (D:2)
  5 goblins
  6 hobgoblins
  5 kobolds
  4 quokkas
  7 ball pythons
  7 bats
  4 frilled lizards
  5 rats
67 creatures vanquished.

Notes
Turn   | Place    | Note
-------+----------+-------------------------------------------
     0 | D:1      | Twinkles the Hill Orc Reaver began the quest for the Orb.
     0 | D:1      | Reached XP level 1. HP: 18/18 MP: 3/3
    51 | D:1      | Found a faded altar of an unknown god.
    63 | D:1      | Prayed at the altar of an unknown god.
    63 | D:1      | Became a worshipper of Sif Muna the Loreminder
    63 | D:1      | Reached * piety under Sif Muna
   180 | D:1      | Reached XP level 2. HP: 25/25 MP: 4/4
   322 | D:1      | Reached skill level 1 in Armour
  1001 | D:2      | Found Vazaic's Distillery.
  1039 | D:2      | Reached XP level 3. HP: 30/30 MP: 5/5
  1073 | D:2      | HP: 9/31 [worm (3)]
  1078 | D:2      | HP: 5/31 [worm (5)]
  1082 | D:2      | Reached skill level 5 in Axes
  2089 | D:3      | Reached ** piety under Sif Muna
  2206 | D:3      | Reached XP level 4. HP: 35/38 MP: 6/6
  2574 | D:3      | Found a runed translucent door.
  2575 | D:3      | Noticed Crazy Yiuf
  2792 | D:3      | HP: 11/38 [gnoll/+0 flail[a gnoll bouda] (9)]
  2947 | D:3      | Reached XP level 5. HP: 22/45 MP: 7/7
  3034 | D:4      | HP: 12/45 [sleepcap (6)]
  3043 | D:4      | Reached skill level 6 in Axes
  3531 | D:4      | Reached XP level 6. HP: 39/52 MP: 8/8
  3787 | D:4      | HP: 14/52 [gnoll bouda/+0 club (8)]
  3787 | D:4      | HP: 6/52 [gnoll bouda/+0 club (8)]
  3788 | D:4      | Slain by a gnoll

Illustrated notes

Levels and vault maps discovered:
D:1:      dpeg_arrival_houses_and_road, layout_basic,
          hellmonk_ecumenical_altar_slurped_away
D:2:      layout_loops_corners, serial_shops, nicolae_shop_waterfront
D:3:      layout_loops_ring, uniq_crazy_yiuf_cottage
D:4:      layout_basic

Skill      XL: |  1  2  3  4  5 |
---------------+----------------+-----
Armour         | 1 2 |  2.9
Fighting       | 3 4 |  4.2
Axes           | 5 6 |  6.9
Dodging        | |  1.5
Spellcasting   | |  1.5
Conjurations   | |  3.0

Action                     |  1- 3 |  4- 6 || total
---------------------------+-------+-------++-------
  Melee: Hand axe          |   140 |    56 ||   196
         Punch             |     3 |     1 ||     4
         Flail             |       |    78 ||    78
   Stab: Sleeping          |     1 |       ||     1
 Armour: Leather armour    |    19 |       ||    19
         Ring mail         |    18 |    33 ||    51
  Dodge: Dodged            |    82 |    62 ||   144

Table legend: (Time is in decaauts)
 A = Elapsed time spent in this place.
 B = Non-inter-level travel time spent in this place.
 C = Inter-level travel time spent in this place.
 D = Time resting spent in this place.
 E = Time spent auto-exploring this place.
 F = Levels seen in this place.
 G = Mean time per level.
                   A        B        C        D        E       F      G
               +--------+--------+--------+--------+--------+-----+--------+
         Total |   3817 |   3678 |    139 |    319 |   2666 |   4 |  954.2 |
       Dungeon |   3817 |   3678 |    139 |    319 |   2666 |   4 |  954.2 |
               +--------+--------+--------+--------+--------+-----+--------+

Top non-repeatable levels by time:
     D:3: 1132 daAuts
     D:1: 997 daAuts
     D:2: 853 daAuts
     D:4: 833 daAuts
